Unix NetHack Version 5.0.0-0 post-release - last build May 23 2026 06:08:33 (1c0ff79ee797540d5714e4e18072db0edd9e58ae,branch:main).

Game began 2026-05-25 16:46:52, ended 2026-05-29 20:54:20.

Enkindle23, lawful female human Valkyrie

                                                                ------
                           ------                              #..:..|
                           |....|       ------------           #|>...|
    ...                   #.....|       |..........|  ##########.....|
    .<..                  #|....|    ###...........)#)#     ## #|....|
    ..:.                  #--|---   ##  |..........|        #  #----.-
   .....       --------  ##  #      #   |..........|        %  #    #
   .....  `####|.......###   #      #   |...........        #  #    #
   .-.--      #|......|      #    ###   ---.--------        #  #    #
     #        #|......|      #    #        #                #  #    ##
     @   ######|.......### --.--- #                           ##     #
    #Y   #    #--------(   |....| #                          ##      #
    #    #    ##########   |....-##                          # ------|--
    #    #                 |....|                            # |.......|
  --|----#                 |....|                          ##` |.......|
  |......#                 |....-                 -------  ####-.......|
  |.....|                  ------                 |.....|####  |.......|
  |.....|                                        #-.....-##    |.......|
  -------                                         -------      ---------

Enkindle23 the Woman-at-arms  St:18/04 Dx:15 Co:18 In:9 Wi:10 Ch:9  Lawful
Dlvl:10 $:6058 HP:0(89) Pw:22(22) AC:2  Xp:10 T:10342  Burdened

Latest messages:
 You hear a monster behind the boulder.
 Perhaps that's why you cannot move it.
 You hear a monster behind the boulder.
 Perhaps that's why you cannot move it.
 You hear a monster behind the boulder.
 Perhaps that's why you cannot move it.
 You hit the wood nymph!
 The wood nymph charms you.  You gladly start removing your shoes.
 The wood nymph stole a blue gem.
 The wood nymph charms you.  You gladly start removing your shield.
 The wood nymph disarms your blessed +2 war hammer (weapon in right hand).
 She stole a blessed +2 war hammer.
 You can move again.
 The wood nymph steals an uncursed burnt +3 small shield!
 The wood nymph vanishes!
 Wait!  There's something there you can't see!
 You attack thin air.
 Wait!  There's something there you can't see!
 It hits!
 You begin bashing monsters with your gloved hands.
 You hit it.
 You miss it.
 It hits!
 You attack thin air.
 It hits!
 D - a +0 pick-axe (weapon in right hand).
 You have no secondary weapon readied.
 It hits!
 You hit it.
 You attack thin air.
 It hits!
 You hit it.
 You attack thin air.
 Wait!  There's something there you can't see!
 The owlbear hits!
 The owlbear hits again!
 The owlbear grabs you!
 It hits!
 You cannot escape from the owlbear!
 The owlbear hits!
 The owlbear hits again!
 You are being crushed.
 It hits!
 You die...
 Do you want your possessions identified? [ynq] (y) y
 Do you want to see your attributes? [ynq] (y) y
 Do you want an account of creatures vanquished? [ynaq] (y) y
 Do you want a list of species genocided? [ynq] (y) y
 Do you want to see your conduct and achievements? [ynq] (y) y
 Do you want to see the dungeon overview? [ynq] (y) y

Inventory:
 Coins    ('$')
  $ - 6058 gold pieces
 Amulets  ('"')
  d - an uncursed amulet of change
 Armor    ('[')
  B - an uncursed +0 helm of brilliance (being worn)
  S - an uncursed +0 pair of gauntlets of dexterity (being worn)
  r - an uncursed +0 pair of iron shoes
  f - an uncursed -1 pair of levitation boots
  x - an uncursed +0 banded mail (being worn)
 Comestibles  ('%')
  i - an uncursed slime mold
  R - an uncursed apple
  Q - 5 uncursed food rations
  e - an uncursed lizard corpse
  u - an uncursed lizard corpse
 Scrolls  ('?')
  h - an uncursed scroll of confuse monster
  Y - an uncursed scroll of earth
  W - a cursed scroll of earth
  J - an uncursed scroll of enchant weapon
  k - a cursed scroll of enchant weapon
  K - an uncursed scroll of gold detection
  H - an uncursed scroll of light
  L - an uncursed scroll of taming
 Potions  ('!')
  p - an uncursed potion of blindness
  G - 3 uncursed potions of healing
  O - an uncursed potion of invisibility
  g - an uncursed potion of restore ability
  P - a cursed potion of restore ability
  j - an uncursed potion of water
 Rings    ('=')
  b - an uncursed ring of slow digestion
  V - an uncursed ring of sustain ability
 Wands    ('/')
  U - a wand of enlightenment (0:11)
 Tools    ('(')
  a - an uncursed magic lamp (lit)
  D - a +0 pick-axe (weapon in right hand)
  I - an uncursed skeleton key
  Z - an uncursed towel
  m - a +0 unicorn horn
 Gems/Stones  ('*')
  X - 2 uncursed luckstones

Enkindle23 the Valkyrie's attributes:

Background:
 You were a Woman-at-arms, a level 10 human Valkyrie.
 You were lawful, on a mission for Tyr
 who was opposed by Odin (neutral) and Loki (chaotic).
 You were right-handed.
 You were in the Dungeons of Doom, on level 10.
 You entered the dungeon 10342 turns ago.
 You had 5517 experience points, 4483 more were needed to attain level 11.

Basics:
 You had 0 out of 89 hit points.
 You had all 22 energy points (spell power).
 Your armor class was 2.
 Your wallet contained 6058 zorkmids.
 Autopickup was off.

Final Characteristics:
 Your strength was 18/04 (limit:18/100).
 Your dexterity was 15 (limit:18).
 Your constitution was 18 (limit:18).
 Your intelligence was 9 (limit:18).
 Your wisdom was 10 (limit:18).
 Your charisma was 9 (limit:18).

Final Status:
 You were held by an owlbear (south).
 You weren't hungry.
 You were burdened; movement was slightly slowed.
 You were wielding a pick-axe.
 You were unskilled in pick-axe.

Final Attributes:
 You were piously aligned.
 You were cold resistant.
 You were poison resistant.
 You were telepathic.
 You were stealthy.
 You were warded.
 You were fast.
 You were lucky.
 You had extra luck.
 Bad luck did not time out for you.
 Good luck did not time out for you.
 You are dead.

Miscellaneous:
 You didn't encounter any bones levels.
 Total elapsed playing time was 5 hours, 29 minutes and 51 seconds.

Major events:
 Turn
    1: Enkindle23 the lawful human Valkyrie entered the dungeon
  782: attained the rank of Skirmisher (level 3)
 1942: entered the Gnomish Mines
 1947: performed her first genocide (master liches)
 2465: reached Mine Town
 2496: attained the rank of Fighter (level 6)
 4548: acquired the Mines' End luckstone
 7896: entered Sokoban
 8118: completed 1st Sokoban level
 9759: attained the rank of Woman-at-arms (level 10)
 9831: entered Home 1, the Quest
10342: killed by an invisible stalker

You didn't know any spells.

Skills:
 Fighting Skills
   bare handed combat [Unskilled]
   two weapon combat  [Unskilled]
   riding             [Unskilled]
 Weapon Skills
   dagger             [Basic]
   axe                [Unskilled]
   pick-axe           [Unskilled]
   short sword        [Unskilled]
   broadsword         [Unskilled]
   long sword         [Unskilled]
   two-handed sword   [Unskilled]
   saber              [Unskilled]
   hammer             [Expert]
   quarterstaff       [Unskilled]
   polearms           [Unskilled]
   spear              [Basic]
   trident            [Unskilled]
   lance              [Unskilled]
   sling              [Unskilled]
 Spellcasting Skills
   attack spells      [Unskilled]
   escape spells      [Unskilled]

Voluntary challenges:
 Character rerolling was not enabled.
 You genocided 1 type of monster.
 You never polymorphed an object.
 You never changed form.
 You used no wishes.
 You did not violate any of the special Sokoban rules.
Achievements:
 You entered a shop.
 You attained the rank of Skirmisher.
 You entered the Gnomish Mines.
 You entered Minetown.
 You attained the rank of Fighter.
 You entered a temple.
 You completed the Gnomish Mines.
 You entered Sokoban.
 You attained the rank of Woman-at-arms.

 The Dungeons of Doom: levels 1 to 13
    Level 1:
       A fountain.
    Level 2:
       A general store.
    Level 3:
       An armor shop, a fountain.
       Stairs down to The Gnomish Mines.
    Level 4:
       Many fountains.
    Level 5:
       Many fountains.
       Oracle of Delphi.
    Level 6:
       A fountain, a sink.
       Stairs up to Sokoban, level 5.
    Level 7:
       A fountain.
    Level 8:
    Level 9:
    Level 10: <- You were here.
       Final resting place for
          you, killed by an invisible stalker.
    Level 11:
       A food shop, a fountain.
       Summoned by the Norn.
       Portal to The Quest.
    Level 12:
       A grave.
    Level 13:
 The Gnomish Mines: levels 4 to 12
    Level 4:
    Level 5:
    Level 6:
       Many shops, a temple and an altar, some fountains.
    Level 7:
    Level 8:
    Level 9:
    Level 10:
    Level 11:
    Level 12:
       A fountain.
 The Quest:
    Level 1:
       A fountain.
       Home.
 Sokoban: levels 5 up to 4
    Level 4:
       Unsolved.
    Level 5:
       Solved.
 The Tutorial:
    Level 1:


Vanquished creatures:
  a large mimic
  a wumpus
  a giant zombie
  3 small mimics
  2 xans
 an ogre leader
  a pyrolisk
  a large dog
  a flaming sphere
  a shocking sphere
  2 tigers
  2 gargoyles
  a dwarf ruler
 an energy vortex
  a mountain centaur
 an elf mummy
  a leather golem
 an amorous demon
  2 giant beetles
  2 cockatrices
  a wolf
  4 winter wolf cubs
  a leprechaun
 an orc-captain
 an iron piercer
  2 giant spiders
 an ice vortex
  5 gnome rulers
 an orc mummy
  2 brown puddings
  a yeti
  a werewolf
  2 Green-elves
  5 lizards
  2 jaguars
  2 dwarf leaders
  2 blue jellies
  a black unicorn
  a dust vortex
  a snake
  5 apes
  2 rope golems
  2 soldier ants
  2 fire ants
  a bugbear
  3 quasits
  a wood nymph
  4 Mordor orcs
  2 ponies
  2 fog clouds
  2 shriekers
  2 violet fungi
 17 gnome leaders
  8 gnomish wizards
  a kobold mummy
  a gray ooze
 an elf zombie
  a paper golem
  a baby crocodile
  2 little dogs
  3 floating eyes
  6 kittens
  3 dwarves
  4 kobold leaders
  2 kobold shamans
  7 hill orcs
  3 rothes
  2 centipedes
  3 orc zombies
  2 wererats
  a werejackal
  4 iguanas
  3 acid blobs
  2 gas spores
  a hobbit
  7 manes
 10 hobgoblins
  5 giant rats
  2 cave spiders
  a brown mold
  2 yellow molds
  a red mold
 72 gnomes
  3 garter snakes
  a gnome zombie
  a gecko
  5 jackals
  2 foxes
  2 kobolds
  5 goblins
 10 sewer rats
  4 grid bugs
  6 lichens
  3 kobold zombies
  4 newts
316 creatures vanquished.

Genocided species:
 master liches
1 species genocided.

Game over:
                       ----------
                      /          \
                     /    REST    \
                    /      IN      \
                   /     PEACE      \
                  /                  \
                  |    Enkindle23    |
                  |     6058 Au      |
                  |   killed by an   |
                  |    invisible     |
                  |     stalker      |
                  |                  |
                  |       2026       |
                 *|     *  *  *      | *
        _________)/\\_//(\/(/\)/\//\/|_)_______

Farvel Enkindle23 the Valkyrie...

You died in The Dungeons of Doom on dungeon level 10 with 28211 points,
and 6058 pieces of gold, after 10342 moves.
You were level 10 with a maximum of 89 hit points when you died.

